Map: Oxide LE

Players

NightMare

  • Race: Protoss Protoss
  • League: Grandmaster

DPGZest (Zest) - Winner!

  • Race: Protoss Protoss
  • League: Master

VOD

Have the link to the VOD?

Description

Time

  • Played on: May 1, 2021, 11:18 p.m.
  • Length: 14:23
Show
View Real Time Build Order
Export as new Build Order

NightMare Protoss 

Build Orders: Oracle Opening 

Get SALT Encoding   

  12  0:00  Probe  
  13  0:12  Probe  
  14  0:21  Pylon  
  14  0:24  Probe  
  15  0:39  Probe (Chrono Boost)  
  15  0:40  Gateway  
  16  0:49  Assimilator  
  17  0:50  Probe (Chrono Boost)  
  17  0:55  Probe (Chrono Boost)  
  18  0:58  Assimilator  
  18  1:06  Probe (Chrono Boost)  
  18  1:07  Pylon  
  19  1:14  Probe (Chrono Boost)  
  20  1:20  Probe  
  21  1:30  Zealot, Cybernetics Core  
  23  1:34  Probe  
  24  1:46  Probe  
  25  1:50  Pylon  
  25  2:05  Stalker (Chrono Boost)  
  27  2:14  Stargate  
  27  2:19  Cybernetics Core  
  27  2:24  Warp Gate  
  27  2:28  Pylon  
  27  2:32  Stalker  
  29  2:37  Shield Battery  
  28  2:59  Oracle (Chrono Boost)  
  31  3:07  Nexus  
  31  3:13  Probe  
  32  3:25  Probe  
  33  3:28  Oracle (Chrono Boost)  
  36  3:37  Probe  
  35  3:49  Twilight Council, Probe  
  35  3:51  Pylon  
  36  4:01  Probe  
  37  4:13  Probe  
  35  4:20  Probe  
  35  4:21  Blink (Chrono Boost)  
  35  4:22  Gateway  
  36  4:24  Stalker  
  36  4:25  Probe  
  39  4:32  Probe  
  39  4:38  Probe  
  41  4:39  Gateway  
  41  4:44  Probe  
  42  4:48  Stalker  
  42  4:50  Probe  
  45  4:56  Forge, Probe  
  46  5:02  Probe  
  47  5:08  Probe  
  47  5:12  Stalker  
  51  5:14  Probe  
  51  5:21  Probe  
  51  5:25  Robotics Facility  
  52  5:31  Probe  
  52  5:32  Protoss Ground Weapons Level 1  
  52  5:33  Probe  
  53  5:39  Assimilator  
  53  5:42  Nexus  
  53  5:43  Pylon  
  53  5:46  Probe  
  53  5:47  Probe  
  52  5:59  Probe x2  
  54  6:06  Stalker x3  
  60  6:12  Observer (Chrono Boost)  
  60  6:13  Probe (Chrono Boost)  
  60  6:16  Probe (Chrono Boost)  
  63  6:20  Pylon  
  63  6:23  Probe (Chrono Boost)  
  65  6:26  Probe (Chrono Boost)  
  65  6:32  Probe x2 (Chrono Boost)  
  67  6:38  Immortal (Chrono Boost)  
  67  6:39  Probe x2  
  72  6:41  Pylon  
  72  6:42  Observer  
  72  6:46  Sentry  
  75  6:48  Shield Battery  
  75  6:49  Stalker  
  75  6:53  Stalker  
  73  7:00  Gateway, Probe x3  
  73  7:01  Gateway  
  74  7:10  Charge  
  74  7:13  Gateway  
  77  7:18  Probe x3  
  77  7:21  Gateway  
  80  7:23  Gateway  
  80  7:26  Gateway  
  80  7:32  Gateway  
  80  7:34  Probe x2  
  82  7:37  Pylon  
  82  7:40  Protoss Ground Weapons Level 2 (Chrono Boost)  
  82  7:41  Immortal (Chrono Boost)  
  83  7:47  Pylon  
  83  7:51  Pylon  
  83  7:53  Zealot x2  
  83  7:54  Zealot  
  89  8:01  Templar Archives  
  89  8:03  Probe x3  
  89  8:05  Assimilator  
  92  8:07  Assimilator  
  92  8:14  Zealot x2  
  92  8:15  Probe, Zealot x2  
  92  8:17  Warp Prism (Chrono Boost)  
  103  8:31  Photon Cannon, Zealot x3  
  109  8:37  Pylon  
  109  8:40  High Templar x2  
  109  8:41  Zealot x2  
  117  8:46  Archon, Zealot x2  
  121  8:51  Zealot  
  121  8:54  Shield Battery  
  123  8:57  High Templar x2  
  123  8:58  Zealot  
  123  9:01  Pylon  
  123  9:02  Archon  
  129  9:03  Pylon  
  129  9:15  Zealot x6  
  125  9:23  Zealot x2  
  111  9:29  Warp Prism (Chrono Boost)  
  95  9:34  Zealot x2  
  95  9:35  Zealot  
  99  9:38  Observer  
  99  9:45  High Templar x4  
  102  9:46  Zealot x2  
  102  9:49  Zealot  
  108  9:53  Archon  
  108  9:54  Archon  
  108  9:56  Zealot x3  
  114  10:20  Zealot x9  
  114  10:21  Zealot  
  97  10:41  High Templar x4  
  93  10:43  Zealot x6  
  93  10:46  Archon x2  
  103  10:57  Nexus  
  103  11:14  High Templar  
  103  11:15  High Templar x3  
  103  11:16  Zealot x6  
  89  11:27  Warp Prism (Chrono Boost)  
  89  11:29  Archon x2  
  83  11:38  Stalker x6  
  95  11:46  Zealot x2  
  99  11:49  Zealot x2  
  103  11:55  High Templar x2, Zealot  
  103  11:58  Pylon  
  103  11:59  Archon  
  109  12:12  Zealot x2  
  93  12:44  Zealot  
  93  12:45  Zealot x6  
  93  12:48  High Templar x3  
  93  12:49  High Templar, Zealot x6  
  89  12:56  Archon x2  
  85  13:04  High Templar  
  85  13:05  High Templar, Zealot  
  89  13:09  Archon  
  89  13:11  Zealot x3  
  89  13:12  Shield Battery  
  97  13:13  Immortal (Chrono Boost), Shield Battery  
  99  13:25  Zealot x5  
  104  13:37  Stalker  
  104  13:38  Stalker x4  
  104  13:49  Zealot x4  
  104  13:52  Gateway  
  104  13:55  Gateway  
  86  14:02  Zealot  
  86  14:03  Zealot x4  
Show
View Real Time Build Order
Export as new Build Order

DPGZest Protoss - Winner!

Build Orders: Phoenix Opening 

Get SALT Encoding   

  12  0:00  Probe  
  13  0:12  Probe  
  14  0:17  Pylon  
  14  0:24  Probe (Chrono Boost)  
  15  0:36  Probe (Chrono Boost)  
  15  0:38  Gateway  
  16  0:44  Probe (Chrono Boost)  
  16  0:46  Assimilator  
  17  0:51  Probe  
  18  1:03  Probe (Chrono Boost)  
  19  1:04  Assimilator  
  19  1:11  Pylon  
  19  1:15  Probe (Chrono Boost)  
  20  1:20  Probe (Chrono Boost)  
  20  1:25  Cybernetics Core  
  21  1:29  Probe  
  21  1:30  Zealot  
  24  1:41  Probe  
  25  1:53  Probe  
  26  2:02  Sentry (Chrono Boost)  
  26  2:05  Warp Gate, Probe  
  29  2:16  Pylon  
  29  2:20  Stalker (Chrono Boost)  
  31  2:29  Phoenix  
  31  2:33  Probe  
  31  2:46  Probe  
  31  2:48  Stalker  
  34  2:53  Stargate  
  34  2:57  Nexus  
  34  2:58  Probe  
  35  3:04  Gateway  
  35  3:10  Probe  
  36  3:19  Shield Battery  
  36  3:23  Shield Battery  
  36  3:24  Probe  
  38  3:43  Phoenix (Chrono Boost)  
  39  3:57  Pylon  
  39  3:59  Probe  
  39  4:09  Probe (Chrono Boost), Phoenix (Chrono Boost)  
  41  4:12  Probe (Chrono Boost)  
  41  4:19  Phoenix (Chrono Boost)  
  41  4:20  Twilight Council  
  41  4:21  Forge, Probe (Chrono Boost)  
  41  4:23  Sentry  
  45  4:29  Probe (Chrono Boost)  
  45  4:30  Probe (Chrono Boost)  
  46  4:35  Probe  
  46  4:36  Probe  
  48  4:39  Pylon  
  48  4:41  Protoss Ground Weapons Level 1 (Chrono Boost)  
  48  4:47  Probe  
  48  4:48  Probe  
  50  4:54  Blink (Chrono Boost)  
  50  4:59  Probe  
  51  5:00  Probe  
  52  5:12  Probe  
  52  5:13  Gateway, Probe  
  54  5:14  Gateway  
  54  5:19  Assimilator  
  54  5:22  Robotics Facility  
  54  5:24  Pylon  
  54  5:31  Stalker  
  54  5:33  Stalker  
  58  5:36  Pylon  
  58  5:37  Probe x2  
  60  5:57  Stalker x2  
  64  6:05  Nexus  
  64  6:10  Pylon  
  64  6:11  Probe x2  
  66  6:12  Observer  
  67  6:22  Stalker x4  
  67  6:24  Probe x2  
  77  6:29  Pylon  
  77  6:36  Probe x2, Observer  
  77  6:37  Pylon  
  80  6:49  Protoss Ground Weapons Level 2 (Chrono Boost)  
  80  6:54  Probe  
  79  6:58  Probe  
  80  7:06  Probe, Charge  
  81  7:09  Gateway  
  81  7:10  Gateway, Probe  
  81  7:12  Gateway  
  81  7:13  Gateway  
  82  7:18  Probe  
  82  7:19  Probe  
  82  7:21  Immortal (Chrono Boost)  
  88  7:36  Gateway  
  88  7:38  Gateway, Templar Archives  
  88  7:39  Pylon  
  88  7:40  Probe x2  
  88  7:41  Probe  
  91  7:45  Assimilator x2  
  91  7:47  Pylon  
  91  7:53  Probe  
  91  7:57  Warp Prism (Chrono Boost)  
  96  8:03  Observer  
  94  8:06  Nexus  
  94  8:09  Pylon  
  94  8:14  High Templar x2  
  94  8:15  Zealot x3  
  94  8:18  Archon  
  94  8:19  Zealot x2  
  108  8:22  Zealot  
  110  8:31  Zealot  
  112  8:45  High Templar x2  
  112  8:46  Zealot x5  
  126  8:52  Archon  
  126  8:53  Protoss Ground Armor Level 1 (Chrono Boost)  
  126  8:54  Zealot x3  
  131  9:10  Zealot x5  
  121  9:18  Zealot x5  
  121  9:21  Warp Prism  
  101  9:28  Zealot x5  
  89  9:37  Observer  
  79  9:44  High Templar x4  
  79  9:45  Zealot  
  85  9:48  Archon x2  
  85  9:49  Sentry, Zealot x2  
  85  9:50  Zealot x2  
  95  10:06  Probe x3  
  98  10:07  Probe  
  98  10:08  Zealot x3  
  98  10:10  High Templar x2  
  98  10:11  Zealot x2  
  98  10:12  Zealot x2  
  117  10:14  Archon  
  110  10:22  Zealot x3  
  110  10:27  Zealot  
  110  10:28  Zealot  
  101  10:29  Zealot  
  101  10:30  Zealot  
  101  10:34  Zealot  
  76  10:43  High Templar x3  
  76  10:44  High Templar  
  76  10:48  Archon  
  76  10:49  Archon  
  84  10:52  Zealot x6  
  94  10:59  Shield Battery  
  92  11:16  Zealot x8  
  92  11:17  Zealot x2  
  92  11:37  High Templar x3, Sentry  
  92  11:38  High Templar, Observer  
  92  11:39  Zealot x5  
  112  11:42  Archon x2  
  112  11:43  Nexus  
  108  12:11  High Templar x2  
  108  12:12  Zealot x8  
  128  12:15  Archon  
  120  12:47  Stalker x4  
  120  12:48  Stalker x6  
  130  13:11  Stalker x9  
  130  13:12  Stalker  
  150  13:17  Observer (Chrono Boost)  
  151  13:44  Zealot x2  
  151  13:45  Zealot  
  153  13:54  Zealot x3  
  156  14:00  Observer  
  156  14:01  Zealot x3  
  156  14:02  Zealot  
Tags
 
Add a new tag
Caveats
  • Supply blocks, unpowered buildings, or Contaminate may cause inaccurate times.
  • Supply counts are checked every 10 seconds.